 Dungeon Crawl Stone Soup version 0.31-a0-354-g827e0957a7 (webtiles) character file.

Game seed: 6989556919606646018

169 promet the Covered (level 5, -8/47 HPs)
             Began as a Minotaur Fighter on July 23, 2023.
             Blown up by Ijyb (16 damage)
             ... with a mindburst bolt
             ... on level 4 of the Dungeon.
             The game lasted 00:08:30 (2123 turns).

promet the Covered (Minotaur Fighter)               Turns: 2123, Time: 00:08:31

Health: -8/47      AC: 12    Str: 20    XL:     5   Next: 25%
Magic:  4/4        EV: 12    Int:  7    God:
Gold:   126        SH:  4    Dex: 10    Spells: 4/4 levels left

rFire   . . .        a - +1 war axe
rCold   . . .        c - +0 buckler
rNeg    . . .        n - +0 chain mail
rPois   .            (helmet restricted)
rElec   .            d - +0 cloak
rCorr   .            (no gloves)
SInv    .            m - +0 pair of boots
Will    +....        (no amulet) Stlth
                     l - +5 ring of evasion
HPRegen 0.27/turn    o - ring of willpower
MPRegen 0.09/turn

%: no passive effects
@: no status effects
A: horns 2, retaliatory headbutt, claws 1, mutation resistance 1, wild magic 1
a: no special abilities


You were on level 4 of the Dungeon.
You visited 1 branch of the dungeon, and saw 4 of its levels.

You collected 126 gold pieces.

Inventory:

Hand Weapons
 a - a +1 war axe (weapon)
 p - a +3 quarterstaff of chaos
 s - a +0 hammer
Missiles
 e - 25 stones
Armour
 b - a +0 scale mail
 c - a +0 buckler (worn)
 d - a +0 cloak (worn)
 m - a +0 pair of boots (worn)
 n - a +0 chain mail (worn)
Jewellery
 j - a ring of ice
 l - a +5 ring of evasion (left claw)
 o - a ring of willpower (right claw)
 q - a +6 ring of intelligence
Wands
 y - a wand of flame (19) (quivered)
Scrolls
 r - 2 scrolls of amnesia
 t - a scroll of identify
Potions
 g - a potion of enlightenment {unknown}
 h - a potion of curing
 i - a potion of degeneration {unknown}
 k - a potion of mutation
 u - a potion of lignification {unknown}
 v - a potion of haste {unknown}
 w - a potion of cancellation {unknown}


   Skills:
 + Level 4.4 Fighting
 + Level 4.3(4.4) Axes
 + Level 1.4(3.1) Maces & Flails
 + Level 4.7 Armour
 + Level 0.1 Stealth
 + Level 4.3 Shields


You had 4 spell levels left.
You didn't know any spells.
Your spell library was empty.

Dungeon Overview and Level Annotations

Branches:
Dungeon (3/15)

Altars:
Elyvilon

Annotations:
D:3 2 runed translucent doors, 2 transporters, Brmiller011's ghost, amateur DrSh
D:4 Ijyb


Innate Abilities, Weirdness & Mutations

You have a pair of horns on your head.
You reflexively headbutt those who attack you in melee.
You have sharp fingernails.
You are somewhat resistant to further mutation.
Your spells are a little harder to cast, but a little more powerful.


Message History

You have reached level 5!
You barely miss Ijyb. You headbutt Ijyb, but do no damage.
Ijyb is lightly wounded.
You hit the gnoll. You hit the worm.
Ijyb zaps a wand.
You resist with some effort.
You closely miss Ijyb.
Ijyb is lightly wounded.
You hit the gnoll. You hit the worm. The gnoll barely misses you.
The gnoll closely misses you.
Ijyb zaps a wand.
Your mind is blasted!
* * * LOW HITPOINT WARNING * * *
The worm bites you but does no damage.
It was a potion of mutation.
You feel extremely strange.
You feel less in control of your magic.
You feel genetically stable.
Your fingernails lengthen.
The gnoll misses you. You furiously retaliate!
You headbutt the gnoll!
You kill the gnoll!
The gnoll hits you but does no damage.
Ijyb screams, "You nasty!
Big nasty!"
Ijyb hits you with a +0 dagger.
* * * LOW HITPOINT WARNING * * *
The worm closely misses you. You furiously retaliate!
You headbutt the worm!
You kill the worm!
You hit Ijyb.
Ijyb is lightly wounded.
The gnoll hits you from afar with a +0 spear.
* * * LOW HITPOINT WARNING * * *
Ijyb hits you with a +0 dagger.
* * * LOW HITPOINT WARNING * * *
You feel better. The gnoll completely misses you.
Ijyb hits you but does no damage.
You closely miss Ijyb. Your headbutt misses Ijyb.
Ijyb is lightly wounded.
You block the gnoll's attack. Ijyb hits you but does no damage.
You block the gnoll's attack. Ijyb hits you but does no damage.
You closely miss Ijyb.
Ijyb is lightly wounded.
The gnoll hits you from afar with a +0 spear.
* * * LOW HITPOINT WARNING * * *
Ijyb zaps a wand.
Your mind is blasted!
You die...

... #.# .....#
...##.. .w...##
....... ..g....
#...... .....#
#...... .....##
....... .......
#......###.....#
#.....g@)g.....#
####......).........
#.##............####
#...........#....#
#.##...........#.#
#.########.._..#...
#.# ....... #.#
###.##.######.#...#
.# #..........


You could see Ijyb and a gnoll.

Vanquished Creatures
  A hound (D:4)
  Crazy Yiuf (D:2)
  2 gnolls (D:4)
  4 adders
  2 dart slugs
  3 worms
  An orc (D:4)
  2 ball pythons
  3 bats
  7 endoplasms
  A giant cockroach (D:4)
  2 goblins (D:4)
  5 hobgoblins
  3 quokkas
  3 frilled lizards
  A kobold (D:2)
  4 rats
45 creatures vanquished.

Notes
Turn   | Place    | Note
-------+----------+-------------------------------------------
     0 | D:1      | promet the Minotaur Fighter began the quest for the Orb.
     0 | D:1      | Reached XP level 1. HP: 19/19 MP: 0/0
    47 | D:1      | Found a faded altar of an unknown god.
   141 | D:1      | Reached XP level 2. HP: 27/27 MP: 1/1
   736 | D:2      | Reached XP level 3. HP: 33/33 MP: 2/2
  1092 | D:2      | Found a runed translucent door.
  1093 | D:2      | Noticed Crazy Yiuf
  1100 | D:2      | Killed Crazy Yiuf
  1101 | D:2      | Reached XP level 4. HP: 27/40 MP: 3/3
  1830 | D:3      | Found a runed translucent door.
  1831 | D:3      | Noticed Brmiller011's ghost (amateur DrSh)
  1836 | D:3      | Found a transporter.
  1836 | D:3      | Found a transporter.
  1874 | D:3      | Found a runed translucent door.
  1918 | D:3      | Noticed a kobold demonologist
  1933 | D:3      | You fall into a shaft and drop 1 floor!
  2100 | D:4      | Noticed Ijyb
  2104 | D:4      | Found a white marble altar of Elyvilon.
  2117 | D:4      | Reached skill level 1 in Maces & Flails
  2117 | D:4      | Reached XP level 5. HP: 22/47 MP: 4/4
  2119 | D:4      | Gained mutation: Your spells are a little harder to cast,
                  | but a little more powerful. [potion of mutation]
  2119 | D:4      | Gained mutation: You are somewhat resistant to further
                  | mutation. [potion of mutation]
  2119 | D:4      | Gained mutation: You have sharp fingernails. [potion of
                  | mutation]
  2120 | D:4      | HP: 1/47 [Ijyb/+0 dagger (3)]
  2123 | D:4      | Blown up by Ijyb

Illustrated notes

Levels and vault maps discovered:
D:1:      dpeg_arrival_leaves_temple_mockup, layout_basic,
          basic_ecumenical_altar
D:2:      layout_loops_corners, serial_park_tiny_pond, serial_park_tiny_1,
          nicolae_wormholes, uniq_crazy_yiuf_cottage
D:3:      gammafunk_wand_slinger, layout_rooms, ebering_ghost_sewer_f
D:4:      layout_basic, chei_slow_surprise, mainiacjoe_overflow_tiny_flanked,
          hellmonk_no_cap, uniq_ijyb

Skill      XL: |  1  2  3  4 |
---------------+-------------+-----
Shields        | 4 |  4.3
Armour         | 4 |  4.7
Fighting       | 4 |  4.4
Axes           | 3 4 |  4.3
Maces & Flails | 1 |  1.4
Stealth        | |  0.1

Action                     |  1- 3 |  4- 6 || total
---------------------------+-------+-------++-------
  Melee: War axe           |    56 |    17 ||    73
         Headbutt          |     2 |     4 ||     6
         Mace              |       |    26 ||    26
  Evoke: Wand              |       |     2 ||     2
    Use: Scroll            |     4 |     2 ||     6
         Potion            |     1 |     3 ||     4
 Armour: Scale mail        |    13 |       ||    13
         Chain mail        |    15 |    39 ||    54
  Dodge: Dodged            |    26 |    32 ||    58
  Block: Buckler           |    12 |    10 ||    22

Table legend: (Time is in decaauts)
 A = Elapsed time spent in this place.
 B = Non-inter-level travel time spent in this place.
 C = Inter-level travel time spent in this place.
 D = Time resting spent in this place.
 E = Time spent auto-exploring this place.
 F = Levels seen in this place.
 G = Mean time per level.
                   A        B        C        D        E       F      G
               +--------+--------+--------+--------+--------+-----+--------+
         Total |   2156 |   2050 |    106 |    137 |    997 |   4 |  539.0 |
       Dungeon |   2156 |   2050 |    106 |    137 |    997 |   4 |  539.0 |
               +--------+--------+--------+--------+--------+-----+--------+

Top non-repeatable levels by time:
     D:2: 1221 daAuts
     D:1: 607 daAuts
     D:4: 198 daAuts
     D:3: 129 daAuts
